 Dungeon Crawl Stone Soup version 0.31-a0-36-g603a1083af (webtiles) character file.

Game seed: 14041088668024357796

16664 Bennjico the Blocker (level 12, -15/110 HPs)
             Began as a Minotaur Fighter on May 14, 2023.
             Was a High Priest of Okawaru.
             Demolished by Rupert
             ... wielding a +0 great sword of holy wrath
              (35 damage)
             ... on level 12 of the Dungeon.
             The game lasted 00:18:48 (9569 turns).

Bennjico the Blocker (Minotaur Fighter)             Turns: 9569, Time: 00:18:49

Health: -15/110    AC: 27    Str: 25    XL:     12   Next: 12%
Magic:  11/11      EV: 17    Int:  5    God:    Okawaru [*****.]
Gold:   580        SH:  6    Dex: 11    Spells: 11/11 levels left

rFire   . . .        H - +5 broad axe (heavy)
rCold   . . .        c - +0 buckler
rNeg    . . .        w - +4 chain mail {rF+}
rPois   .            (helmet unavailable)
rElec   .            y - +0 cloak
rCorr   .            t - +2 pair of gloves
SInv    .            q - +1 pair of boots
Will    .....        (no amulet) Stlth
                     h - +5 ring of evasion
HPRegen 0.38/turn    o - +4 ring of protection
MPRegen 0.12/turn

%: no passive effects
@: no status effects
A: horns 3, retaliatory headbutt, heat vulnerability 1
a: Renounce Religion, Heroism, Finesse, Duel


You were on level 12 of the Dungeon.
You worshipped Okawaru.
Okawaru was extremely pleased with you.
You visited 2 branches of the dungeon, and saw 13 of its levels.

You collected 805 gold pieces.
You spent 225 gold pieces at shops.

Inventory:

Hand Weapons
 a - a +1 vampiric war axe
 z - a +5 heavy war axe
 H - a +5 heavy broad axe (weapon)
Missiles
 s - 2 throwing nets (quivered)
Armour
 c - a +0 buckler (worn)
 q - a +1 pair of boots (worn)
 t - a +2 pair of gloves (worn)
 w - a +4 chain mail of fire resistance (worn)
 y - a +0 cloak (worn)
 A - the +0 hat "Ufiedose" {rElec Int+4 Stlth+}
   (You found it on level 7 of the Dungeon)

   Int:       It affects your intelligence (+4).
   rElec:     It insulates you from electricity.
   Stlth:     It makes you more stealthy.
 E - the +7 chain mail of Precision Catastrophes {Will+ Int+3}
   (Okawaru gifted it to you on level 12 of the Dungeon)

   Int:       It affects your intelligence (+3).
   Will:      It increases your willpower.
Jewellery
 h - a +5 ring of evasion (left hand)
 m - a ring of protection from cold
 o - a +4 ring of protection (right hand)
 p - a ring of protection from fire
 v - a ring of see invisible
 L - a ring of poison resistance
Wands
 b - a wand of light (16)
 C - a wand of flame (5)
 I - a wand of digging (3)
 J - a wand of iceblast (6)
Scrolls
 i - 3 scrolls of immolation
 k - 7 scrolls of teleportation
 r - a scroll of fear
 x - 3 scrolls of magic mapping
 K - a scroll of blinking
Potions
 d - 3 potions of might
 e - 5 potions of curing
 f - a potion of ambrosia
 g - 3 potions of heal wounds
 j - a potion of berserk rage {unknown}
 l - a potion of resistance
 n - 5 potions of haste
 u - 2 potions of flight
 B - 3 potions of magic
 D - a potion of brilliance {unknown}
 F - a potion of cancellation {unknown}
 G - a potion of degeneration {unknown}


   Skills:
 + Level 11.3 Fighting
 + Level 11.0 Axes
 + Level 11.4 Armour
 + Level 9.8 Dodging
 + Level 11.4 Shields


You had 11 spell levels left.
You didn't know any spells.
Your spell library contained the following spells:

 Spells                   Type           Power      Damage    Failure   Level
 Magic Dart               Conj           0%         1d3       93%         1
 Lesser Beckoning         Tloc           0%         N/A       98%         2
 Searing Ray              Conj           0%         2d4       98%         2
 Sublimation of Blood     Necr           0%         N/A       98%         2
 Wereblood                Tmut           0%         N/A       98%         2
 Gell's Gravitas          Tloc           0%         N/A       100%        3
 Teleport Other           Tloc           0%         N/A       100%        3
 Fulminant Prism          Conj/Hex       0%         3d5       100%        4
 Orb of Destruction       Conj           0%         9d5       100%        7
 Summon Guardian Golem    Hex/Summ       Unusable   N/A       N/A         3
 Spellforged Servitor     Conj/Summ      Unusable   N/A       N/A         7
 Summon Hydra             Summ           Unusable   N/A       N/A         7

Dungeon Overview and Level Annotations

Branches:
Dungeon (12/15)            Temple (1/1) D:6            Lair (0/5) D:11
    Orc (0/2) D:9

Altars:
Ashenzari
Cheibriados
Dithmenos
Elyvilon
Fedhas
Gozag
Hepliaklqana
Kikubaaqudgha
Makhleb
Nemelex Xobeh
Okawaru
Qazlal
Ru
Sif Muna
Trog
Uskayaw
Vehumet
Wu Jian
Xom
Yredelemnul
Zin
The Shining One
Lugonu

Shops:
D:5 [   D:8 =

Annotations:
D:4 2 transporters, spyp's ghost, amateur HOHu
D:12 Rupert


Innate Abilities, Weirdness & Mutations

You have a pair of large horns on your head.
You reflexively headbutt those who attack you in melee.
You are vulnerable to heat. (rF-)


Message History

Rupert goes berserk!
You completely miss Rupert. You headbutt Rupert, but do no damage.
Rupert is moderately wounded.
Rupert hits you but does no damage. x3
You hit Rupert. Your headbutt misses Rupert.
Rupert is moderately wounded.
Rupert hits you with a +0 great sword of holy wrath!
Rupert hits you with a +0 great sword of holy wrath!!
You slash Rupert! You headbutt Rupert, but do no damage.
Rupert is moderately wounded.
Rupert closely misses you. Rupert hits you but does no damage.
You block Rupert's attack.
You slice Rupert!!
Rupert is heavily wounded.
You block Rupert's attack.
Rupert hits you with a +0 great sword of holy wrath.
You closely miss Rupert.
Rupert is heavily wounded.
Rupert hits you with a +0 great sword of holy wrath.
Rupert closely misses you. You furiously retaliate!
You headbutt Rupert.
Unknown command.
You barely miss Rupert.
Rupert is heavily wounded.
Rupert completely misses you.
Rupert hits you with a +0 great sword of holy wrath! x2
You hit Rupert.
Rupert is heavily wounded.
Rupert hits you but does no damage.
Rupert hits you with a +0 great sword of holy wrath!!
* * * LOW HITPOINT WARNING * * *
Rupert barely misses you.
You slice Rupert!! You headbutt Rupert.
Rupert is severely wounded.
Rupert hits you with a +0 great sword of holy wrath.
* * * LOW HITPOINT WARNING * * *
Rupert hits you but does no damage.
You barely miss Rupert. You headbutt Rupert, but do no damage.
Rupert is heavily wounded.
Rupert hits you with a +0 great sword of holy wrath!!
You die...

#.##########.......# #.
#.# #.......# #. #.#
#.......# #> #.#
#.......######.
#.#############.####......
#.........# #.# #.# #.
#########.# #.# #.# #. #.#
#.####.####. #@#
#..........^ #@#
#.####.##### #O# #......#
#.# ######## ... ###


You could see Rupert (berserk) and a two-headed ogre.

Vanquished Creatures
  Snorg (D:10)
  The ghost of TheSeeker391 the Cleaver, a novice HOFi of Makhleb (D:7)
  Amaemon (D:10)
  A cyclops (D:12)
  A moth of wrath (D:7)
  An orange demon (D:10)
  Maggie (D:7)
  Psyche (D:10)
  A gargoyle (D:11)
  5 kobold demonologists
  A komodo dragon (D:11)
  A troll (D:12)
  A hornet (D:10)
  3 slime creatures (D:12)
  A shadow (D:9)
  3 vampires
  2 wraiths
  16 yaks
  A wyvern (D:11)
  A redback (D:7)
  2 steam dragons
  2 water moccasins
  4 sky beasts
  10 orc warriors
  4 ice beasts
  3 black bears
  5 ogres
  3 centaurs
  2 kobold brigands
  3 bullfrogs
  4 scorpions
  21 wights
  20 killer bees
  8 howler monkeys
  A crimson imp (D:8)
  3 jellies
  3 hounds
  6 orc priests
  A gnoll bouda (D:5)
  2 sleepcaps
  2 iguanas
  10 orc wizards
  A scorpion zombie (D:3)
  A hound zombie (D:3)
  8 adders
  3 gnolls (D:5)
  A shadow imp (D:7)
  5 white imps
  An ufetubus (D:7)
  An adder skeleton (D:3)
  3 adder zombies (D:3)
  2 worms (D:3)
  5 dart slugs
  41 orcs
  9 bats
  14 endoplasms
  3 giant cockroaches
  7 hobgoblins
  5 jackals (D:2)
  5 quokkas (D:3)
  7 ball pythons
  2 ball python skeletons (D:3)
  5 frilled lizards
  A giant cockroach zombie (D:3)
  2 goblins
  17 kobolds
  A quokka skeleton (D:3)
  8 rats
321 creatures vanquished.

Notes
Turn   | Place    | Note
-------+----------+-------------------------------------------
     0 | D:1      | Bennjico the Minotaur Fighter began the quest for the Orb.
     0 | D:1      | Reached XP level 1. HP: 19/19 MP: 0/0
   136 | D:1      | You fall into a shaft and drop 1 floor!
   145 | D:2      | Identified the +4 dagger of Redept {spect, Str-3 Int+6
                  | SInv}
   195 | D:2      | Reached XP level 2. HP: 17/27 MP: 1/1
   549 | D:1      | Reached skill level 1 in Dodging
   658 | D:1      | Reached XP level 3. HP: 33/33 MP: 2/2
  1552 | D:3      | Reached XP level 4. HP: 40/40 MP: 3/3
  1634 | D:3      | Reached XP level 5. HP: 47/47 MP: 4/4
  1880 | D:3      | Identified the +6 long sword of Conformity {holy, rC+ Will+
                  | Int+2}
  2000 | D:4      | Noticed a black bear
  2000 | D:4      | Noticed a black bear
  2000 | D:4      | Found a bloodstained altar of Trog.
  2012 | D:4      | Killed a black bear
  2016 | D:4      | Reached XP level 6. HP: 54/55 MP: 5/5
  2021 | D:4      | Reached skill level 5 in Fighting
  2021 | D:4      | Reached skill level 5 in Armour
  2021 | D:4      | Reached skill level 5 in Shields
  2209 | D:4      | Found a stormy altar of Qazlal.
  2210 | D:4      | Found an ancient bone altar of Kikubaaqudgha.
  2257 | D:4      | Found a transporter.
  2260 | D:4      | Found a transporter.
  2260 | D:4      | Noticed spyp's ghost (amateur HOHu)
  2345 | D:4      | Found a radiant altar of Vehumet.
  2623 | D:5      | Entered Level 5 of the Dungeon
  2632 | D:5      | Reached XP level 7. HP: 57/61 MP: 6/6
  2705 | D:5      | Reached skill level 5 in Axes
  3173 | D:5      | Reached XP level 8. HP: 66/70 MP: 7/7
  3207 | D:5      | Found Zaufuan's Antique Armour Boutique.
  3212 | D:5      | Bought a runed chain mail for 225 gold pieces
  3288 | D:5      | Noticed a +0 falchion
  3289 | D:5      | Noticed a +0 spear
  3290 | D:5      | Noticed a +0 spear
  3291 | D:5      | Noticed a +0 short sword
  3291 | D:5      | Noticed a +0 dagger
  3292 | D:5      | Noticed a +0 falchion
  3293 | D:5      | Noticed a +0 dagger
  3296 | D:5      | Noticed a +0 short sword
  3307 | D:5      | Found a hide-covered altar of Uskayaw.
  3866 | D:6      | Found a staircase to the Ecumenical Temple.
  3878 | Temple   | Entered the Ecumenical Temple
  3946 | Temple   | Became a worshipper of Warmaster Okawaru
  4060 | D:6      | Reached skill level 5 in Dodging
  4263 | D:7      | Reached * piety under Okawaru
  4289 | D:7      | Noticed a moth of wrath
  4329 | D:7      | Identified the +3 robe of Exasail {rElec rF+ rC+++ Dex-5}
  4339 | D:7      | Found a transporter.
  4350 | D:7      | Found a transporter.
  4354 | D:7      | Noticed TheSeeker391's ghost (novice HOFi)
  4382 | D:7      | Reached XP level 9. HP: 79/79 MP: 8/8
  4556 | D:7      | Noticed Maggie
  4573 | D:7      | Killed Maggie
  4709 | D:7      | Reached ** piety under Okawaru
  4712 | D:7      | Killed a moth of wrath
  4724 | D:7      | Killed TheSeeker391's ghost
  4725 | D:7      | Reached XP level 10. HP: 73/90 MP: 9/9
  4726 | D:7      | Identified the +0 hat "Ufiedose" {rElec Int+4 Stlth+}
  4905 | D:8      | Reached *** piety under Okawaru
  5010 | D:8      | Found Hucvesur's Jewellery Shop.
  5060 | D:8      | Found a sacrificial altar of Ru.
  5277 | D:8      | Found a burning altar of Makhleb.
  5277 | D:8      | Found a shimmering altar of Xom.
  5498 | D:9      | Found a staircase to the Orcish Mines.
  5766 | D:9      | Reached **** piety under Okawaru
  5996 | D:9      | Reached ***** piety under Okawaru
  6373 | D:10     | Entered Level 10 of the Dungeon
  6478 | D:10     | Reached XP level 11. HP: 99/99 MP: 10/10
  6522 | D:10     | Reached skill level 10 in Armour
  6550 | D:10     | Noticed Amaemon
  6560 | D:10     | Killed Amaemon
  6560 | D:10     | Received a gift from Okawaru
  6561 | D:10     | Reached skill level 10 in Fighting
  6561 | D:10     | Reached skill level 10 in Shields
  7001 | D:10     | Noticed Snorg
  7015 | D:10     | Killed Snorg
  7325 | D:10     | Noticed Psyche
  7330 | D:10     | Killed Psyche
  7331 | D:10     | Reached skill level 10 in Axes
  7374 | D:10     | Found an ornate altar of the Wu Jian Council.
  7374 | D:10     | Found a shadowy altar of Dithmenos.
  7827 | D:11     | Received a gift from Okawaru
  8198 | D:11     | Noticed a soul eater
  8227 | D:11     | Gained mutation: Your system is resistant to poisons.
                  | (rPois) [potion of mutation]
  8227 | D:11     | Gained mutation: You occasionally lose the ability to drink
                  | potions when taking damage. [potion of mutation]
  8228 | D:11     | Lost mutation: Your system is resistant to poisons. (rPois)
                  | [potion of mutation]
  8228 | D:11     | Lost mutation: You occasionally lose the ability to drink
                  | potions when taking damage. [potion of mutation]
  8228 | D:11     | Gained mutation: You are vulnerable to heat. (rF-) [potion
                  | of mutation]
  8228 | D:11     | Gained mutation: You have a pair of large horns on your
                  | head. [potion of mutation]
  8563 | D:11     | Found a staircase to the Lair.
  9187 | D:12     | Identified the +7 chain mail of Precision Catastrophes
                  | {Will+ Int+3} (Okawaru gifted it to you on level 12 of the
                  | Dungeon)
  9187 | D:12     | Received a gift from Okawaru
  9436 | D:12     | Reached XP level 12. HP: 110/110 MP: 11/11
  9453 | D:12     | Found a corrupted altar of Lugonu.
  9555 | D:12     | Noticed a two-headed ogre
  9556 | D:12     | Noticed Rupert
  9569 | D:12     | Demolished by Rupert

Illustrated notes

Levels and vault maps discovered:
D:1:      psy_arrival_spokes, layout_loops_corners, serial_rivers,
          chequers_serial_rivers_micro_b, chequers_serial_rivers_marsh,
          chequers_serial_rivers_micro_c, chequers_serial_rivers_room_a,
          chequers_serial_rivers_micro_d
D:2:      layout_rooms
D:3:      layout_basic, serial_undead, serial_undead_d, serial_undead_b,
          serial_undead_b, serial_undead_a, serial_undead_f, serial_undead_f,
          serial_undead_e
D:4:      layout_loops_ring, trog_ov_bears_minmay, grunt_temple_overflow_open,
          mainiacjoe_overflow_chevrons, gammafunk_ghost_smash
D:5:      layout_basic, nicolae_uskayaw_en_pointe, serial_corexii_hall,
          corexii_hall_statues_l, corexii_hall_statues_i, serial_shops,
          nicolae_shop_hallway_plus, minmay_misc_feat_iff, nrook_pool_corridor,
          minmay_diced_spiral
D:6:      layout_rooms, temple_hall
D:7:      layout_rooms, gammafunk_ghost_berserking_beasts, uniq_maggie
D:8:      corexii_shack_village, layout_rooms,
          grunt_temple_overflow_champion_of_chaos, lemuel_tele_altar,
          serial_shops, shop
D:9:      layout_roguey, orc_0_dummy
D:10:     layout_roguey, gammafunk_temple_overflow_wave, uniq_psyche,
          uniq_amaemon, uniq_snorg
D:11:     layout_roguey [special_room_orc], david_lair_shrubbed
D:12:     kennysheep_kobold_lugonu_temple, layout_loops_ring, uniq_rupert
Temple:   nicolae_temple_x_marks_the_god

Skill      XL: |  1  2  3  4  5  6  7  8  9 10 11 12 |
---------------+-------------------------------------+-----
Dodging        | 1 2 3 4 5 6 8 9 |  9.8
Shields        | 4 5 6 7 8 9 11 | 11.4
Fighting       | 4 5 6 7 8 9 11 | 11.3
Armour         | 4 5 6 7 8 9 11 | 11.4
Axes           | 3 4 5 6 8 9 10 11 | 11.0

Action                     |  1- 3 |  4- 6 |  7- 9 | 10-12 || total
---------------------------+-------+-------+-------+-------++-------
  Melee: War axe           |   107 |    82 |   178 |   193 ||   560
         Headbutt          |     9 |    13 |    37 |    61 ||   120
         Broad axe         |       |       |       |   146 ||   146
  Evoke: Wand              |       |       |       |     2 ||     2
    Use: Scroll            |    10 |     3 |     7 |    16 ||    36
         Potion            |       |       |     3 |     3 ||     6
 Armour: Scale mail        |    39 |    31 |    19 |       ||    89
         Chain mail        |       |       |    62 |   188 ||   250
  Dodge: Dodged            |    57 |    72 |   135 |   352 ||   616
  Block: Buckler           |    20 |    22 |    51 |   130 ||   223

Table legend: (Time is in decaauts)
 A = Elapsed time spent in this place.
 B = Non-inter-level travel time spent in this place.
 C = Inter-level travel time spent in this place.
 D = Time resting spent in this place.
 E = Time spent auto-exploring this place.
 F = Levels seen in this place.
 G = Mean time per level.
                   A        B        C        D        E       F      G
               +--------+--------+--------+--------+--------+-----+--------+
         Total |   9896 |   9555 |    341 |      7 |   7498 |  13 |  761.2 |
       Dungeon |   9817 |   9486 |    331 |      7 |   7438 |  12 |  818.1 |
        Temple |     78 |     68 |     10 |      0 |     60 |   1 |   78.0 |
               +--------+--------+--------+--------+--------+-----+--------+

Top non-repeatable levels by time:
    D:10: 1478 daAuts
    D:11: 1186 daAuts
     D:1: 1067 daAuts
     D:5: 981 daAuts
     D:9: 914 daAuts
     D:8: 696 daAuts
    D:12: 682 daAuts
     D:4: 635 daAuts
     D:7: 635 daAuts
     D:6: 549 daAuts
     D:3: 514 daAuts
     D:2: 474 daAuts
  Temple: 78 daAuts
